 Dungeon Crawl Stone Soup version 0.27-a0-1579-g97d2440184 (webtiles) character file.

Game seed: 7475015674433207590

25 Spaninq the Skirmisher (level 2, -1/26 HPs)
             Began as a Draconian Berserker on July 17, 2021.
             Was a Follower of Trog.
             Slain by a jackal (2 damage)
             ... on level 1 of the Dungeon on July 18, 2021.
             The game lasted 00:02:17 (316 turns).

Spaninq the Skirmisher (Draconian Berserker)         Turns: 316, Time: 00:02:19

Health: -1/26      AC:  4    Str: 19    XL:     2   Next: 82%
Magic:  2/2        EV: 12    Int:  7    God:    Trog [*.....]
Gold:   0          SH:  0    Dex: 10    Spells: 1/1 levels left

rFire    . . .     SeeInvis .   a - +0 falchion
rCold    . . .     Faith    .   (no shield)
rNeg     . . .     Spirit   .   (armour unavailable)
rPois    .         Reflect  .   (helmet restricted)
rElec    .         Harm     .   (no cloak)
rCorr    .         Rampage  .   (no gloves)
Will     .....                  (no boots)
Stlth    +.........             (no amulet)
HPRegen  0.08/turn              (no ring)
MPRegen  0.08/turn              (no ring)

@: on berserk cooldown, slowed, very slow
A: AC +4, unfitting armour, cold-blooded
a: Renounce Religion, Berserk


You were on level 1 of the Dungeon.
You worshipped Trog.
Trog was aware of your devotion.
You visited 1 branch of the dungeon, and saw 1 of its levels.

Inventory:

Hand Weapons
 a - a +0 falchion (weapon)
Scrolls
 b - a scroll of identify {unknown}
 c - a scroll of enchant weapon {unknown}


   Skills:
 + Level 3.6 Fighting
 * Level 3.6 Long Blades
 + Level 3.0 Dodging


You had one spell level left.
You didn't know any spells.
Your spell library was empty.

Dungeon Overview and Level Annotations

Branches:
Dungeon (1/15)

Altars:


Innate Abilities, Weirdness & Mutations

Your plain brown scales are hard. (AC +4)
You cannot fit into any form of body armour.
You are cold-blooded and may be slowed by cold attacks.


Message History

Trog accepts your kill. The jackal closely misses you.
You riposte.
You hit the jackal.
You kill the jackal!
Trog accepts your kill. The endoplasm misses you. The quokka bites you.
* * * LOW HITPOINT WARNING * * *
Your Dodging skill increases to level 3!
The quokka barely misses you.
You riposte.
You closely miss the quokka.
Things that are here:
a +0 club; a gnoll corpse The door flies open with a bang!
You feel a strong urge to attack something.
You are no longer berserk.
You are exhausted.
You feel yourself slow down.
The jackal stops to sniff the ground.
There is an open door here.
The jackal barely misses you.
The jackal bites you but does no damage.
You aren't carrying any potions.
You barely miss the jackal.
Your tail-slap misses the jackal.
The jackal closely misses you. The jackal barely misses you.
You riposte.
You hit the jackal.
The jackal is moderately wounded.
You hit the jackal.
The jackal is heavily wounded.
The jackal bites you but does no damage.
The jackal closely misses you.
You riposte.
You closely miss the jackal.
The jackal is heavily wounded.
You hit the jackal.
You kill the jackal!
Trog accepts your kill.
The jackal bites you but does no damage.
You hit the jackal.
The jackal is heavily wounded.
The jackal bites you but does no damage.
The jackal bites you.
* * * LOW HITPOINT WARNING * * *
The jackal bites you.
You die...

... .. . .# ...
..#. .# .... ...
.#..... .h#
.#..... #.#
.#..... #†#
....... ###'## #
.......
#..†h###.#
...#...
#...rh@..# ...#
.. ##...J#####
...# . #......#
...# #......#
...#######......#
###.............#
#........######
#........#
#........#


You could see an endoplasm, a quokka and 2 jackals.

Vanquished Creatures
  A gnoll (D:1)
  A dart slug (D:1)
  A ball python (D:1)
  An endoplasm (D:1)
  6 jackals (D:1)
  A bat (D:1)
  A frilled lizard (D:1)
12 creatures vanquished.

Notes
Turn   | Place    | Note
-------+----------+-------------------------------------------
     0 | D:1      | Spaninq the Draconian Berserker began the quest for the
                  | Orb.
     0 | D:1      | Reached XP level 1. HP: 19/19 MP: 1/1
   301 | D:1      | Reached XP level 2. HP: 16/26 MP: 2/2
   316 | D:1      | HP: 1/26 [jackal (1)]
   316 | D:1      | Slain by a jackal

Illustrated notes

Levels and vault maps discovered:
D:1:      sevenhm_arrival_forest_fort_small_6, layout_basic

Skill      XL: |  1  2 |
---------------+-------+-----
Dodging        | 3 |  3.0
Fighting       | |  3.6
Long Blades    | |  3.6

Action                   || total
-------------------------++-------
Melee: Falchion          ||    35
       Tailslap          ||     6
Invok: Berserk           ||     1
Armor: Skin              ||    23
Dodge: Dodged            ||    54
       Rpst.: Falchion   ||    20

Table legend: (Time is in decaauts)
 A = Elapsed time spent in this place.
 B = Non-inter-level travel time spent in this place.
 C = Inter-level travel time spent in this place.
 D = Time resting spent in this place.
 E = Time spent auto-exploring this place.
 F = Levels seen in this place.
 G = Mean time per level.
                   A        B        C        D        E       F      G
               +--------+--------+--------+--------+--------+-----+--------+
         Total |    321 |    321 |      0 |      0 |    206 |   1 |  321.0 |
       Dungeon |    321 |    321 |      0 |      0 |    206 |   1 |  321.0 |
               +--------+--------+--------+--------+--------+-----+--------+

Top non-repeatable levels by time:
     D:1: 321 daAuts
